AoeStats
← Long John Silver

Black Forest

507721923Analyzed
3v3 RM · 13d ago on Sep 19, 2026· 31m 45s· 6 players
Game mode
Random Map
Map size
Normal (6 player)
Population
200
Speed
Normal
Resources
Standard
Victory
Conquest
Starting age
Dark Age
Ending age
Imperial Age
RankedLock teamsTeams togetherTeam positionsShared explorationLock speedFull tech treeHidden civsTurbo modeCheats
Victory
Defeat
🇨🇳 Poles · China
1475
+22
🇩🇪 Saracens · Germany
1424
+22
🇬🇧 Teutons · United Kingdom
1403
+23
🇩🇪 Persians · Germany
1819
-29
🇩🇪 Teutons · Germany
1516
-20
🇩🇪 Mongols · Germany
1463
-18
苟住
1:02 Loom
11:53 Feudal Age
15:38 Castle Age
14:15 Double-Bit Axe
14:26 Horse Collar
17:21 Bow Saw
20:51 Heavy Plow
23:08 Wheelbarrow
23:29 Gold Mining
24:29 Hand Cart
25:33 Town Watch
28:44 Imperial Age
27:02 Forging
27:39 Scale Barding Armor
27:43 Szlachta Privileges
29:20 Chain Barding Armor
29:57 Iron Casting
28:46 Cavalier
30:20 Conscription
30:17 Bloodlines
31:01 Crop Rotation
31:16 Husbandry
33:02 Blast Furnace
LuG_
1:44 Loom
12:07 Feudal Age
16:41 Castle Age
14:47 Double-Bit Axe
15:02 Horse Collar
18:11 Bow Saw
27:12 Imperial Age
24:53 Scale Mail Armor
24:51 Gold Mining
25:47 Forging
26:54 Chain Mail Armor
27:20 Wheelbarrow
26:39 Stone Mining
27:36 Onager
29:15 Plate Mail Armor
30:40 Squires
31:05 Hand Cart
31:29 Iron Casting
33:18 Blast Furnace
Long John Silver
8:57 Feudal Age
9:24 Double-Bit Axe
12:41 Fletching
20:07 Castle Age
17:54 Loom
19:20 Gold Mining
19:11 Horse Collar
19:34 Padded Archer Armor
20:09 Crossbowman
20:56 Bodkin Arrow
22:32 Wheelbarrow
22:57 Bow Saw
23:23 Heavy Plow
27:51 Stone Mining
28:37 Gold Shaft Mining
27:50 Town Watch
28:37 Hand Cart
34:01 Imperial Age
32:20 Scale Barding Armor
mr_nvm
2:11 Loom
12:41 Feudal Age
17:29 Gold Mining
van jonsenheim
0:42 Loom
14:11 Feudal Age
17:59 Castle Age
16:13 Double-Bit Axe
16:54 Horse Collar
23:07 Bow Saw
24:13 Town Watch
26:15 Wheelbarrow
27:46 Hand Cart
27:34 Heavy Plow
30:49 Imperial Age
29:06 Hand Cart
29:08 Gold Mining
29:47 Heavy Plow
Lukas_AoE
2:44 Loom
11:50 Feudal Age
15:40 Castle Age
14:08 Double-Bit Axe
14:04 Horse Collar
14:16 Horse Collar
17:01 Town Watch
17:07 Town Watch
25:15 Heavy Plow
26:30 Wheelbarrow
27:34 Hand Cart
28:22 Scale Barding Armor
28:28 Forging
31:15 Imperial Age
29:04 Bow Saw
28:45 Gold Mining
28:46 Stone Mining
30:12 Gold Shaft Mining
30:13 Stone Shaft Mining
30:00 Chain Barding Armor
30:49 Iron Casting
31:34 Bloodlines
31:25 Husbandry
30:56 Cavalier
32:17 Plate Barding Armor
31:16 Cavalier
Connection lost

Rejoining the realm…

Still unreachable

The connection could not be restored.

Session expired

The server has moved on; the page needs a fresh start.